 Dungeon Crawl Stone Soup version 0.23.0 (webtiles) character file.

Game seed: 15886112095379082368

1212 Kairos the Chopper (level 8, 0/42 HPs)
             Began as a Vine Stalker Fighter on Feb 12, 2019.
             Was a Priest of Okawaru.
             Killed by divine providence
             ... invoked by an orc priest
              (9 damage)
             ... on level 5 of the Dungeon.
             The game lasted 00:06:52 (4340 turns).

Kairos the Chopper (Vine Stalker Fighter)           Turns: 4340, Time: 00:06:53

Health: 0/42       AC: 12    Str: 20    XL:     8   Next: 46%
Magic:  0/9        EV:  6    Int:  8    God:    Okawaru [***...]
Gold:   214        SH: 10    Dex: 15    Spells: 7/7 levels left

rFire    . . .     SeeInvis .   a - +0 war axe
rCold    . . .     Gourm    .   c - +0 shield
rNeg     + . .     Faith    .   u - +2 chain mail
rPois    .         Spirit   +   (no helmet)
rElec    .         Reflect  .   (no cloak)
rCorr    .         Harm     .   k - +0 pair of gloves
MR       +....                  (no boots)
Stlth    ..........             (no amulet)
HPRegen  0.54/turn              s - ring of positive energy
MPRegen  0.11/turn              (no ring)

@: no status effects
A: fangs 3, regeneration 1, magic shield, antimagic bite, no potion heal 3, rot
immunity
a: Heroism, Renounce Religion


You were on level 5 of the Dungeon.
You worshipped Okawaru.
Okawaru was most pleased with you.
You were hungry.

You visited 1 branch of the dungeon, and saw 5 of its levels.

You collected 214 gold pieces.

Inventory:

Hand Weapons
 a - a +0 war axe (weapon)
 x - a +2 flail of holy wrath
 B - a +0 morningstar
Missiles
 y - 12 tomahawks (quivered)
Armour
 b - a +0 scale mail
 c - a +0 shield (worn)
 k - a +0 pair of gloves (worn)
 u - a +2 chain mail (worn)
Jewellery
 s - a ring of positive energy (left hand)
 w - an uncursed ring of flight
Wands
 n - a wand of digging (4)
 z - a wand of flame (11)
 A - a wand of acid (12)
Scrolls
 h - 3 scrolls of random uselessness
 o - 2 scrolls of remove curse
 q - a scroll of fog
 r - 2 scrolls of teleportation {unknown}
 t - a scroll of blinking {unknown}
 v - 3 scrolls of enchant weapon {unknown}
Potions
 d - 2 potions of might
 e - 3 potions of lignification
 g - a potion of agility {unknown}
 i - 2 potions of flight {unknown}
 j - a potion of ambrosia {unknown}
 l - a potion of mutation {unknown}
 m - 2 potions of curing {unknown}
 p - a potion of heal wounds {unknown}
Comestibles
 f - 10 rations


   Skills:
 + Level 4.5 Fighting
 + Level 5.7 Axes
 + Level 4.0 Armour
 + Level 1.8 Dodging
 + Level 1.2 Stealth
 + Level 4.8 Shields
 + Level 0.1 Invocations
 + Level 0.5 Evocations


You had 7 spell levels left.
You didn't know any spells.
Your spell library contained the following spells:

 Spells                   Type           Power        Failure   Level  Hunger
 Animate Skeleton         Necr           N/A          100%        1    ##.....
 Pain                     Necr           #...         100%        1    ##.....
 Summon Small Mammal      Summ           #...         100%        1    ##.....
 Call Imp                 Summ           #.......     100%        2    ###....
 Call Canine Familiar     Summ           #.......     100%        3    ####...
 Regeneration             Chrm/Necr      #.........   100%        3    ####...
 Summon Guardian Golem    Hex/Summ       #.......     100%        3    ####...
 Vampiric Draining        Necr           #.........   100%        3    ####...
 Animate Dead             Necr           N/A          100%        4    #####..
 Summon Ice Beast         Ice/Summ       #.......     100%        4    #####..
 Summon Lightning Spire   Summ/Air       #.......     100%        4    #####..


Dungeon Overview and Level Annotations

Branches:
Dungeon (5/15)
 Temple: D:4-7

Altars:
Ashenzari
Fedhas
Gozag
Kikubaaqudgha
Nemelex Xobeh
Okawaru
Qazlal
Trog
Zin
Beogh

Shops:
D:5 (


Innate Abilities, Weirdness & Mutations

You have razor-sharp teeth.
Your natural rate of healing is unusually fast.
When hurt, damage is shared between your health and your magic reserves.
Your bite disrupts and absorbs the magic of your enemies.
Potions cannot restore your health.
You are immune to rotting.


Message History

The orc priest is severely wounded.
You block the orc priest's attack.
You slash the orc priest!
You kill the orc priest!
Okawaru accepts your kill.
You hit the orc. You bite the orc. You drain its power.
The orc is severely wounded.
You block the orc's attack.
The orc hits you from afar with a +0 trident.
* * * LOW HITPOINT WARNING * * *
You slash the orc!
You kill the orc!
Okawaru accepts your kill. The orc hits you but does no damage.
The orc hits you but does no damage.
Items here: ))) [[ †† The orc barely misses you.
The orc priest calls down the wrath of Beogh upon you.
Beogh smites you!
You die...

#.......# #.# ########## #
#.####### #.# #8....[_[...
#.# #.# #........... #.# #.#
#.#8#..8..#8 #.# #.#
#.###oo.o.## #.# #.#
#....#####.. #.# #§#
#...........
#.#########o##########'''###
#..∩.....§§@o§oo8§oo........
###############...§.....####
###########


You could see an orc priest and 3 orcs.

Vanquished Creatures
  The ghost of Azzok the Ruffian, an amateur BaTm (D:5)
  2 ice beasts (D:5)
  An ogre (D:5)
  2 scorpions (D:5)
  2 crimson imps (D:5)
  2 orc priests (D:5)
  An orc wizard (D:5)
  3 bullfrog skeletons
  An iguana (D:4)
  6 worker ants
  A killer bee zombie (D:5)
  A hound skeleton (D:3)
  6 adders
  A shadow imp (D:5)
  An ooze (D:1)
  An adder skeleton (D:4)
  A worm (D:2)
  A dart slug (D:1)
  3 leopard geckos
  28 orcs
  4 ball pythons
  3 giant cockroaches
  12 goblins
  4 hobgoblins
  16 jackals
  13 bats
  7 frilled lizards
  8 kobolds
  12 rats
144 creatures vanquished.

Notes
Turn   | Place    | Note
-------+----------+-------------------------------------------
     0 | D:1      | Kairos the Vine Stalker Fighter began the quest for the
                  | Orb.
     0 | D:1      | Reached XP level 1. HP: 11/11 MP: 2/2
   120 | D:1      | Reached skill level 2 in Axes
   120 | D:1      | Reached XP level 2. HP: 8/16 MP: 3/3
   633 | D:1      | Reached XP level 3. HP: 19/19 MP: 4/4
  1240 | D:2      | Gained mutation: Your natural rate of healing is unusually
                  | fast. [Vine Stalker growth]
  1240 | D:2      | Reached XP level 4. HP: 20/24 MP: 5/5
  1286 | D:2      | Found an opulent altar of Gozag.
  1409 | D:2      | Reached skill level 1 in Dodging
  1548 | D:3      | Found a sparkling altar of Nemelex Xobeh.
  1760 | D:3      | Reached skill level 3 in Axes
  1773 | D:3      | Found an iron altar of Okawaru.
  1787 | D:3      | Became a worshipper of Warmaster Okawaru
  2038 | D:3      | Reached XP level 5. HP: 25/28 MP: 6/6
  2127 | D:3      | Found a shattered altar of Ashenzari.
  2162 | D:4      | Found a blossoming altar of Fedhas.
  2350 | D:4      | Found a bloodstained altar of Trog.
  2368 | D:4      | Reached XP level 6. HP: 31/33 MP: 7/7
  2485 | D:4      | Reached * piety under Okawaru
  2523 | D:4      | Found a stormy altar of Qazlal.
  2714 | D:4      | Found an ancient bone altar of Kikubaaqudgha.
  3100 | D:5      | Entered Level 5 of the Dungeon
  3227 | D:5      | Reached skill level 4 in Axes
  3227 | D:5      | Reached skill level 1 in Stealth
  3227 | D:5      | Reached XP level 7. HP: 36/37 MP: 8/8
  3370 | D:5      | Reached ** piety under Okawaru
  3420 | D:5      | Found a glowing silver altar of Zin.
  3478 | D:5      | Found Onocsim's Weapon Shoppe.
  3492 | D:5      | Found a runed translucent gate.
  3493 | D:5      | Found a runed translucent gate.
  3493 | D:5      | Noticed Azzok's ghost (amateur BaTm)
  3494 | D:5      | Found a runed translucent gate.
  3500 | D:5      | Found a roughly hewn altar of Beogh.
  3866 | D:5      | Gained mutation: You have razor-sharp teeth. [Vine Stalker
                  | growth]
  3866 | D:5      | Reached XP level 8. HP: 42/42 MP: 9/9
  4028 | D:5      | Reached skill level 5 in Axes
  4327 | D:5      | Killed Azzok's ghost
  4327 | D:5      | Reached *** piety under Okawaru
  4340 | D:5      | Killed from afar by an orc priest

Skill      XL: |  1  2  3  4  5  6  7  8 |
---------------+-------------------------+-----
Axes           | 2 3 4 5 |  5.7
Fighting       | 3 4 |  4.5
Shields        | 3 4 |  4.8
Dodging        | 1 |  1.8
Armour         | 3 4 |  4.0
Stealth        | 1 |  1.2
Invocations    | |  0.1
Evocations     | |  0.5

Action                   |  1- 3 |  4- 6 |  7- 9 || total
-------------------------+-------+-------+-------++-------
Melee: War axe           |   117 |   199 |   126 ||   442
       Bite              |    36 |    49 |    38 ||   123
Invok: Heroism           |       |       |     2 ||     2
Evoke: Wand              |       |       |     5 ||     5
  Use: Scroll            |     3 |     5 |     3 ||    11
  Eat: Chunk             |     1 |     7 |     3 ||    11
Armor: Scale mail        |    56 |    17 |       ||    73
       Chain mail        |       |    76 |    64 ||   140
Dodge: Dodged            |    39 |    43 |    27 ||   109
Block: Shield            |    70 |   125 |    59 ||   254
